 Dungeon Crawl Stone Soup version 0.20.0-8-g6b59dc7 (webtiles) character file.

5035 4thArraOfDagon the Cleaver (level 10, -12/121 HPs)
             Began as a Minotaur Fighter on May 31, 2017.
             Was a Follower of the Shining One.
             Mangled by a death yak (24 damage)
             ... on level 8 of the Dungeon.
             The game lasted 00:18:14 (3235 turns).

4thArraOfDagon the Cleaver (Minotaur Fighter)       Turns: 3235, Time: 00:18:14

Health: -12/121    AC: 13    Str: 27    XL:     10   Next: 30%
Magic:  12/12      EV:  7    Int: 14    God:    the Shining One [*.....]
Gold:   353        SH: 10    Dex:  9    Spells: 8/9 levels left

rFire    + + .     SeeInvis .   l - +1 broad axe
rCold    . . .     Gourm    .   I - +0 shield (curse)
rNeg     . . .     Faith    .   J - +0 chain mail
rPois    .         Spirit   .   H - +0 hat {Int+3}
rElec    .         Reflect  .   t - +0 cloak
rCorr    .         Harm     .   (no gloves)
MR       .....                  w - +0 pair of boots
Stlth    ..........             o - amulet of rage
Regen    0.3/turn               k - +5 ring of intelligence
MPRegen  0.2/turn               G - ring of protection from fire

@: berserking, glowing, very quick
A: retaliatory headbutt, horns 2, dopey 1, fire resistance 1, frail 1, low mp 1,
sturdy frame 1
a: Renounce Religion, Evoke Berserk Rage


You were on level 8 of the Dungeon.
You worshipped the Shining One.
The Shining One was aware of your devotion.
You were hungry.

You visited 2 branches of the dungeon, and saw 9 of its levels.

You collected 401 gold pieces.
You spent 48 gold pieces at shops.

Inventory:

Hand Weapons
 a - a +0 war axe
 d - a +2 dire flail of protection
 l - a +1 broad axe (weapon)
Armour
 b - a +0 scale mail
 c - a +0 shield
 g - a +0 large shield
 t - a +0 cloak (worn)
 w - a +0 pair of boots (worn)
 H - a +0 hat of intelligence (worn)
 I - a cursed +0 shield (worn)
 J - a +0 chain mail (worn)
Jewellery
 k - a +5 ring of intelligence (left hand)
 o - an amulet of rage (around neck)
 D - an uncursed ring of teleportation
 G - a ring of protection from fire (right hand)
Wands
 m - a wand of random effects (7/48)
 u - a wand of disintegration (12/24)
 v - a wand of flame (27/48)
 E - a wand of polymorph (7/24)
Scrolls
 j - a scroll of vulnerability
 s - a scroll of teleportation
 y - a scroll of magic mapping
 B - a scroll of recharging {unknown}
 F - a scroll of remove curse
Potions
 e - 3 potions of curing
 i - 2 potions of brilliance
 n - 2 potions of heal wounds {unknown}
 p - 2 potions of flight {unknown}
 q - 2 potions of might
 r - 4 potions of resistance {unknown}
 x - 3 potions of mutation {unknown}
 z - a potion of cancellation {unknown}
 A - 2 potions of invisibility {unknown}
Comestibles
 f - 4 bread rations
 h - 3 meat rations


   Skills:
 + Level 8.7 Fighting
 * Level 11.1 Axes
 + Level 8.1 Armour
 - Level 3.6 Shields
 + Level 3.0 Invocations
 * Level 6.8 Evocations


You had 8 spell levels left.
You knew the following spells:

 Your Spells              Type           Power        Failure   Level  Hunger
a - Apportation           Tloc           #.....       99%         1    ##.....


Dungeon Overview and Level Annotations

Branches:
Dungeon (8/15)             Temple (1/1) D:5            Lair (0/6) D:8

Altars:
Ashenzari
Elyvilon
Kikubaaqudgha
Makhleb
Qazlal
Sif Muna
Trog
Uskayaw
Vehumet
Yredelemnul
Zin
The Shining One

Shops:
D:5 [   D:8 :}*


Innate Abilities, Weirdness & Mutations

You reflexively headbutt those who attack you in melee.
You have a pair of horns on your head.
You are dopey. (Int -2)
Your flesh is heat resistant. (rF+)
You are frail. (-10% HP)
Your magical capacity is low. (-10% MP)
Your movements are slightly less encumbered by armour. (ER -2)


Message History

You block the death yak's attack. The death yak barely misses you.
You block the death yak's attack. The death yak gores you!!
Unknown command.
You slash the death yak!
You headbutt the death yak, but do no damage.
The death yak is almost dead.
You slash the death yak! You slice the death yak!! You slash the death yak!
The death yak gores you!
* * * LOW HITPOINT WARNING * * *
Unknown command.
You hit the death yak.
The death yak is almost dead.
You hit the death yak but do no damage. You slash the death yak! x2
The death yak gores you!
* * * LOW HITPOINT WARNING * * *
The death yak gores you!
* * * LOW HITPOINT WARNING * * *
The death yak gores you but does no damage.
The death yak gores you!!
You die...

###.............#####.....
#......#..................
#......#..................
#......#######............
#..............###########
#..............# #......
#..............#####......
#.........Y.......##..z..)
#........@Yz.Y....##......
#.....∩..YY.......##.Y....
#..........∩.∩Y.........##
#....######...###.......##
#....######∩.∩###.....)...
#.........##..............
#.........##........#.....
##........##........###...
#........##........# ####


You could see 5 death yaks, a yak and a wight.

Vanquished Creatures
  Gastronok (D:8)
  Pikel (D:5)
  Maurice (D:8)
  Psyche (D:8)
  A steam dragon (D:6)
  3 orc warriors
  2 sky beasts
  A slave (D:5)
  A centaur (D:7)
  5 bullfrogs
  Blork the orc (D:5)
  A gnoll sergeant (D:4)
  4 scorpions
  A killer bee (D:8)
  3 howler monkeys (D:7)
  2 crimson imps
  A jelly (D:5)
  A hound (D:6)
  3 orc wizards
  2 orc priests (D:5)
  Crazy Yiuf (D:7)
  A bullfrog skeleton (D:7)
  A gnoll shaman (D:4)
  2 iguanas
  2 worker ants
  A worker ant zombie (D:8)
  33 gnolls
  A howler monkey skeleton (D:4)
  11 adders
  3 shadow imps
  An adder skeleton (D:6)
  2 worms
  4 leopard geckos
  22 orcs
  2 giant cockroaches
  A hobgoblin (D:1)
  4 jackals (D:4)
  7 quokkas
  A frilled lizard (D:1)
  6 kobolds
  A leopard gecko zombie (D:5)
  3 rats
146 creatures vanquished.

Vanquished Creatures (others)
  3 plants (D:8)
3 creatures vanquished.

Grand Total: 149 creatures vanquished

Notes
Turn   | Place    | Note
-------+----------+-------------------------------------------
     0 | D:1      | 4thArraOfDagon the Minotaur Fighter began the quest for the Orb.
     0 | D:1      | Reached XP level 1. HP: 19/19 MP: 0/0
    77 | D:2      | Reached skill level 3 in Axes
   118 | D:2      | Reached XP level 2. HP: 16/27 MP: 1/1
   204 | D:3      | Reached XP level 3. HP: 22/33 MP: 2/2
   292 | D:4      | zkyp: you. playing mifi? must be fake
   332 | D:5      | Entered Level 5 of the Dungeon
   332 | D:5      | Found an ancient bone altar of Kikubaaqudgha.
   359 | D:5      | Noticed Blork the orc
   368 | D:5      | Killed Blork the orc
   368 | D:5      | Reached skill level 4 in Axes
   368 | D:5      | Reached XP level 4. HP: 17/41 MP: 3/3
   526 | D:6      | Reached XP level 5. HP: 20/47 MP: 4/4
   552 | D:6      | Noticed a steam dragon
   581 | D:6      | Reached skill level 5 in Axes
   583 | D:6      | magipi: hello
   587 | D:6      | Killed a steam dragon
   587 | D:6      | Reached skill level 5 in Fighting
   587 | D:6      | Reached skill level 5 in Armour
   587 | D:6      | Reached XP level 6. HP: 23/56 MP: 5/5
   620 | D:6      | Reached skill level 6 in Axes
   650 | D:6      | magipi: no steam DA?
   795 | D:5      | Reached XP level 7. HP: 22/62 MP: 6/6
   820 | D:5      | Found Axoitel's Antique Armour Shoppe.
   919 | D:6      | Reached skill level 7 in Axes
  1081 | D:7      | Reached skill level 1 in Evocations
  1213 | D:7      | Found a runed door.
  1224 | D:7      | Noticed Crazy Yiuf
  1228 | D:7      | Killed Crazy Yiuf
  1293 | D:7      | Reached XP level 8. HP: 45/71 MP: 8/8
  1296 | D:7      | Gained mutation: Your magical capacity is low. (-10% MP) [mutagenic meat]
  1299 | D:7      | Gained mutation: Your body sometimes deteriorates upon taking damage. [mutagenic meat]
  1300 | D:7      | Gained mutation: You are dopey. (Int -2) [mutagenic meat]
  1312 | D:6      | Reached skill level 8 in Axes
  1319 | D:6      | Found a glowing silver altar of Zin.
  1766 | D:5      | Found a staircase to the Ecumenical Temple.
  1778 | Temple   | Entered the Ecumenical Temple
  1846 | Temple   | Became a worshipper of the Shining One
  1909 | D:5      | Noticed Pikel
  1911 | D:5      | Killed Pikel
  1911 | D:5      | Reached skill level 9 in Axes
  2279 | D:4      | Reached XP level 9. HP: 79/79 MP: 10/10
  2584 | D:8      | Found a staircase to the Lair.
  2584 | D:8      | Noticed a death yak
  2584 | D:8      | Noticed a death yak
  2584 | D:8      | Noticed a death yak
  2584 | D:8      | Noticed a death yak
  2584 | D:8      | Reached * piety under the Shining One
  2584 | D:8      | Noticed a death yak
  2589 | D:7      | magipi: wtf
  2623 | D:8      | Reached skill level 5 in Evocations
  2635 | D:8      | 4thArraOfDagon: haha
  2646 | D:7      | magipi: death yaks pre-lair, that is sick
  2676 | D:7      | quikTournament: hi
  2770 | D:8      | Noticed Maurice
  2782 | D:8      | Killed Maurice
  2782 | D:8      | Reached skill level 10 in Axes
  2782 | D:8      | Reached skill level 1 in Invocations
  2789 | D:8      | Found Efaj's Gadget Shoppe.
  2797 | D:8      | Found Hutuock's Book Shoppe.
  2829 | D:8      | Noticed Gastronok
  2857 | D:8      | Killed Gastronok
  2857 | D:8      | Reached XP level 10. HP: 90/90 MP: 10/12
  2907 | D:8      | Found Siubuo's Assorted Antiques.
  2916 | D:8      | Noticed Psyche
  2926 | D:8      | Killed Psyche
  2926 | D:8      | Reached skill level 11 in Axes
  2982 | D:8      | Learned a level 1 spell: Apportation
  2983 | D:8      | Bought 2 bubbling coppery potions for 48 gold pieces
  3150 | D:8      | Lost mutation: Your body sometimes deteriorates upon taking damage. [mutagenic meat]
  3151 | D:8      | Gained mutation: Your movements are slightly less encumbered by armour. (ER -2) [mutagenic meat]
  3152 | D:8      | Gained mutation: You are frail. (-10% HP) [mutagenic meat]
  3153 | D:8      | Gained mutation: Your flesh is heat resistant. (rF+) [mutagenic meat]
  3235 | D:8      | Mangled by a death yak

Skill      XL: |  1  2  3  4  5  6  7  8  9 10 |
---------------+-------------------------------+-----
Axes           | 3 4 5 6 7 9 10 11 | 11.1
Fighting       | 4 5 6 7 8 |  8.7
Armour         | 4 5 6 8 |  8.1
Evocations     | 2 4 6 |  6.8
Invocations    | 2 3 |  3.0
Shields        | |  3.6

Action                   |  1- 3 |  4- 6 |  7- 9 | 10-12 || total
-------------------------+-------+-------+-------+-------++-------
Melee: War axe           |    71 |       |       |       ||    71
       Headbutt          |     5 |    10 |    36 |     8 ||    59
       Dire flail        |       |    52 |   133 |       ||   185
       Broad axe         |       |       |   104 |    26 ||   130
Throw: Throwing net      |       |       |       |     1 ||     1
 Abil: Evoke Berserk Rag |       |       |     3 |     4 ||     7
Evoke: Wand              |       |     5 |     1 |       ||     6
  Use: Scroll            |     1 |     2 |     3 |     2 ||     8
       Potion            |     1 |     1 |     1 |       ||     3
  Eat: Chunk             |       |       |    12 |    10 ||    22
Armor: Scale mail        |    38 |    26 |   105 |     2 ||   171
       Chain mail        |       |       |       |     4 ||     4
Dodge: Dodged            |    23 |    27 |   101 |     6 ||   157
Block: Shield            |    44 |       |       |     5 ||    49
